[Event "Titled Tuesday Blitz September 27 Early 2022"]
[White "Wojtaszek, Radoslaw"]
[Black "Janaszak, Dawid"]
[WhiteFideId "1118358"]
[BlackFideId "1119206"]
[WhiteElo "2606"]
[BlackElo "2165"]
[Result "1-0"]
[Round "03"]
[TimeControl "180+1"]
[Date "2022.09.27"]
[WhiteClock "0:00:36"]
[BlackClock "0:00:16"]

1. Nf3 Nf6 2. g3 g6 3. b3 Bg7 4. Bb2 O-O 5. c4 d6 6. d4 e5 7. dxe5 Ng4 8. Bg2 Nc6 9. O-O Ngxe5 10. Nxe5 Nxe5 11. Nc3 c6 12. Qd2 Be6 13. Rad1 Qa5 14. h3 Rad8 15. f4 Nd7 16. e4 Nb6 17. Ba1 f5 18. exf5 Bxf5 19. Kh2 h5 20. Rfe1 Rd7 21. Qc1 Qc5 22. Ne4 Bxe4 23. Rxe4 d5 24. Re6 Rf6 25. Bxf6 1-0


[Site "https://www.chess.com"]

[Event "Titled Tuesday Blitz September 27 Early 2022"]
[White "Yanchenko, Roman"]
[Black "Vachylia, Andrii"]
[WhiteFideId "4137329"]
[BlackFideId "14137224"]
[WhiteElo "2514"]
[BlackElo "2318"]
[Result "0-1"]
[Round "03"]
[TimeControl "180+1"]
[Date "2022.09.27"]
[WhiteClock "0:00:10"]
[BlackClock "0:01:01"]

1. d4 Nf6 2. c4 e6 3. Nf3 d5 4. Nc3 Be7 5. Bg5 O-O 6. e3 b6 7. cxd5 exd5 8. Bd3 Bb7 9. Rc1 Nbd7 10. O-O Re8 11. a3 a5 12. Qc2 h6 13. Bf4 Rc8 14. Nb5 c5 15. Bf5 Ba6 16. Qb3 g6 17. Bb1 Nf8 18. dxc5 bxc5 19. Rfd1 Ne6 20. Na7 Nxf4 21. Nxc8 Ne2+ 22. Kh1 Qxc8 23. Rc2 Ne4 24. Rf1 Qe6 25. Qa4 Bd8 26. h3 N2g3+ 27. fxg3 Nxg3+ 28. Kh2 Nxf1+ 29. Kg1 Nxe3 30. Rf2 Bb6 31. Nh4 c4 32. Rf6 Ng4+ 33. Kh1 Qe1+ 34. Rf1 Qxf1# 0-1


[Site "https://www.chess.com"]

[Event "Titled Tuesday Blitz September 27 Early 2022"]
[White "Yilmaz, Mustafa"]
[Black "Ozer, Omer Faruk"]
[WhiteFideId "6302718"]
[BlackFideId "6354564"]
[WhiteElo "2568"]
[BlackElo "2053"]
[Result "1-0"]
[Round "03"]
[TimeControl "180+1"]
[Date "2022.09.27"]
[WhiteClock "0:01:59"]
[BlackClock "0:02:19"]

1. e4 c5 2. Nf3 Nc6 3. Bb5 e5 4. O-O Bd6 5. c3 Nge7 6. d4 cxd4 7. cxd4 exd4 8. Nxd4 Qc7 9. Nf3 O-O 10. Nc3 f5 11. Bc4+ Kh8 12. Nb5 fxe4 13. Nxc7 Bxc7 14. Ng5 Ne5 15. Qh5 h6 16. Nf7+ Nxf7 17. Bxf7 Kh7 18. Be3 d5 19. Bc5 g6 20. Bxg6+ Nxg6 21. Bxf8 Be6 22. Qxh6+ 1-0


[Site "https://www.chess.com"]

[Event "Titled Tuesday Blitz September 27 Early 2022"]
[White "Yurovskykh, Oleksandr"]
[Black "Moaataz, Ayah"]
[WhiteFideId "14134020"]
[BlackFideId "10615873"]
[WhiteElo "2303"]
[BlackElo "1993"]
[Result "1-0"]
[Round "03"]
[TimeControl "180+1"]
[Date "2022.09.27"]
[WhiteClock "0:00:07"]
[BlackClock "0:00:14"]

1. d4 d5 2. Bf4 Nf6 3. e3 c5 4. c3 Nc6 5. Nd2 Qb6 6. Qb3 c4 7. Qc2 g6 8. e4 e6 9. e5 Nd7 10. Ngf3 Qd8 11. h4 h5 12. Ng5 Qe7 13. g3 Bg7 14. Bh3 O-O 15. Be3 b5 16. g4 f6 17. exf6 Nxf6 18. gxh5 gxh5 19. f4 b4 20. Ndf3 Bb7 21. Ne5 Nxe5 22. fxe5 Ne4 23. Bxe6+ Kh8 24. Nxe4 dxe4 25. Bxc4 Rf3 26. Bg5 Qc7 27. b3 bxc3 28. O-O-O a5 29. a4 Bf8 30. Rdf1 Ba3+ 31. Kb1 Raf8 32. Rxf3 exf3 33. Qg6 Qh7 34. Bf6+ Rxf6 35. Qxh7+ Kxh7 36. exf6 Kg6 37. Bd3+ Kxf6 38. Rf1 Bd5 39. Kc2 Bb4 40. Bc4 Be4+ 41. Bd3 Bd5 42. Rg1 Ke6 43. Rg6+ Kf7 44. Rg5 Ke6 45. Rxh5 Bd6 46. Rh6+ Ke7 47. Rh7+ Ke6 48. Rh6+ Ke7 49. Kxc3 f2 50. Rh5 Bg2 51. Rf5 Bb4+ 52. Kc4 Be1 53. Kb5 Bh3 54. Rf3 Bg4 55. Rf4 Bd7+ 56. Kb6 Bc3 57. h5 Be6 58. h6 Bg8 59. Kb7 Bd5+ 60. Kb8 Bg8 61. Rxf2 Bxd4 62. Rg2 Be5+ 63. Ka7 Bd4+ 64. Ka6 Bd5 65. Re2+ Kd6 66. h7 Kc7 67. Rc2+ Kb8 68. Kb5 Kb7 69. Rh2 Bh8 70. Bc4 Bc6+ 71. Kc5 Kc7 72. Rh6 Bd7 73. Kd5 Kd8 74. Ra6 Ke7 75. Ra7 Bc3 76. Bb5 1-0


[Site "https://www.chess.com"]

[Event "Titled Tuesday Blitz September 27 Early 2022"]
[White "Zaichenko, Daria"]
[Black "Baches Garcia, Guillermo"]
[WhiteFideId "4197453"]
[BlackFideId "2209764"]
[WhiteElo "2039"]
[BlackElo "2423"]
[Result "0-1"]
[Round "03"]
[TimeControl "180+1"]
[Date "2022.09.27"]
[WhiteClock "0:01:29"]
[BlackClock "0:01:13"]

1. e4 c5 2. Nf3 d6 3. d4 cxd4 4. Nxd4 Nf6 5. Nc3 Nc6 6. Be2 e5 7. Nb3 Be7 8. Be3 Be6 9. O-O O-O 10. a4 a5 11. Kh1 Nb4 12. f4 Qc7 13. Nd5 Bxd5 14. exd5 Nfxd5 15. Bd2 Nxf4 16. Bxf4 exf4 17. Rxf4 Qxc2 18. Qxc2 Nxc2 19. Bf3 Nxa1 20. Nxa1 Bf6 21. Nb3 Bxb2 22. Bxb7 Ra7 23. Bd5 Be5 24. Rc4 g6 25. g3 Rb8 26. Nd2 Kg7 27. Ne4 Rb4 28. Rxb4 axb4 29. Bb3 h6 30. Nd2 Kf6 31. Kg2 Bc3 32. Kf3 Bxd2 0-1


[Site "https://www.chess.com"]

[Event "Titled Tuesday Blitz September 27 Early 2022"]
[White "Zanette, Edgard Vinicius"]
[Black "Aakanksha Hagawane"]
[WhiteFideId "2109263"]
[BlackFideId "25014510"]
[WhiteElo "2182"]
[BlackElo "1971"]
[Result "1/2-1/2"]
[Round "03"]
[TimeControl "180+1"]
[Date "2022.09.27"]
[WhiteClock "0:00:09"]
[BlackClock "0:00:18"]

1. e4 c5 2. Nc3 d6 3. f4 Nc6 4. Bb5 Bd7 5. Nf3 a6 6. Bxc6 Bxc6 7. d3 g6 8. O-O Bg7 9. Qe1 Nf6 10. Kh1 O-O 11. Qh4 h5 12. f5 e6 13. fxg6 fxg6 14. Qg5 Kh7 15. Nh4 Qe8 16. Qg3 Ng4 17. Bf4 e5 18. Bg5 Qe6 19. h3 Nh6 20. Nf3 Kh8 21. Be3 Rf6 22. Ng5 Qe7 23. Rxf6 Qxf6 24. Nd5 Bxd5 25. exd5 Rf8 26. Ne6 Nf5 27. Qg5 Nxe3 28. Qxe3 Qf2 29. Qg5 Rf6 30. Rc1 Kh7 31. Nxg7 Kxg7 32. a4 Qf4 33. Qxf4 Rxf4 34. Kg1 Rxa4 35. c4 Ra2 36. Rb1 a5 37. Kf2 Kf6 38. Ke3 a4 39. g3 Kg5 40. Kf3 h4 41. g4 a3 42. bxa3 Rxa3 43. Ke3 Ra2 44. Rxb7 Rh2 45. Rd7 Rxh3+ 46. Ke2 Kxg4 47. Rxd6 g5 48. Rh6 Kf5 49. d6 Rh2+ 50. Ke3 Ra2 51. d7 Ra8 52. Rc6 Rd8 53. Rxc5 Rxd7 54. Rc8 h3 55. Rh8 g4 56. Rh5+ Kg6 57. Rh4 Kg5 58. Rh8 Rd6 59. c5 Rc6 60. d4 exd4+ 61. Kxd4 Kf4 62. Kd5 Rxc5+ 63. Kxc5 Kg3 64. Kd4 Kh2 65. Ke3 g3 66. Rg8 Kg2 67. Kf4 h2 68. Rxg3+ Kf2 69. Rh3 Kg2 70. Rxh2+ Kxh2 1/2-1/2


[Site "https://www.chess.com"]

[Event "Titled Tuesday Blitz September 27 Early 2022"]
[White "Zhao, Jun"]
[Black "Kollars, Dmitrij"]
[WhiteFideId "8602522"]
[BlackFideId "12909572"]
[WhiteElo "2547"]
[BlackElo "2584"]
[Result "0-1"]
[Round "03"]
[TimeControl "180+1"]
[Date "2022.09.27"]
[WhiteClock "0:00:01"]
[BlackClock "0:00:04"]

1. e4 e5 2. Nf3 Nc6 3. Bb5 a6 4. Ba4 Nf6 5. O-O Bc5 6. Bxc6 dxc6 7. d3 Qe7 8. Be3 Bg4 9. Nbd2 Nd7 10. h3 Bh5 11. Qe1 a5 12. Nh2 O-O 13. Kh1 a4 14. a3 Rae8 15. Nc4 f6 16. Bxc5 Nxc5 17. Qb4 b6 18. Ne3 Qd7 19. Nhg4 Kh8 20. Rae1 Bg6 21. Nh2 Ra8 22. Nf3 Ne6 23. Nh4 Bf7 24. Nhf5 c5 25. Qd2 Rad8 26. Qd1 Nd4 27. Nxd4 Qxd4 28. Qc1 c4 29. dxc4 Qxe4 30. b3 axb3 31. cxb3 Rd3 32. Qb1 Rfd8 33. Kg1 Qd4 34. Rd1 Bg6 35. Qc1 c6 36. Rxd3 Bxd3 37. Rd1 e4 38. Qd2 g6 39. Qb4 f5 40. Qe7 Qd6 41. Qg5 Rf8 42. h4 f4 43. Ng4 Rf5 44. Qh6 Rh5 45. Ne5 Rxe5 46. Qxf4 Qe7 47. Qe3 Rf5 48. Qxb6 Qxh4 49. Qb8+ Kg7 50. Qc7+ Kh6 51. Qb6 Rh5 52. Qe3+ g5 53. Qh3 Qxh3 54. gxh3 Rxh3 55. a4 Rf3 56. a5 Bc2 57. Rd6+ Kh5 58. b4 Rb3 59. b5 cxb5 60. c5 Rc3 61. Rc6 b4 62. a6 b3 63. a7 b2 64. Rb6 b1=Q+ 65. Rxb1 Ra3 66. Rc1 Bb3 67. c6 Be6 68. c7 Bc8 69. Rc4 Rxa7 70. Rxe4 Rxc7 0-1


[Site "https://www.chess.com"]

[Event "Titled Tuesday Blitz September 27 Early 2022"]
[White "Zheenbekov, Nurgazy"]
[Black "Kuchava, Ana"]
[WhiteFideId "13800485"]
[BlackFideId "13605348"]
[WhiteElo "1932"]
[BlackElo "1955"]
[Result "1-0"]
[Round "03"]
[TimeControl "180+1"]
[Date "2022.09.27"]
[WhiteClock "0:01:11"]
[BlackClock "0:01:01"]

1. e4 c5 2. Nf3 d6 3. c3 Nf6 4. Bd3 Nc6 5. O-O e6 6. Re1 Be7 7. Bf1 O-O 8. d4 cxd4 9. cxd4 d5 10. e5 Ne4 11. a3 Bd7 12. Bd3 f5 13. exf6 Nxf6 14. h3 Bd6 15. b4 a6 16. Bb2 Qc7 17. Ne5 Rae8 18. Nd2 Bc8 19. Rc1 Qb6 20. Nxc6 bxc6 21. Nf3 Bf4 22. Rc2 Bd7 23. Ne5 Bxe5 24. dxe5 Ne4 25. Bxe4 dxe4 26. Qxd7 Rd8 27. Qxe6+ Kh8 28. Qg4 h6 29. e6 Rg8 30. e7 Rde8 31. Qg6 Rxe7 32. Qxh6# 1-0


[Site "https://www.chess.com"]

[Event "Titled Tuesday Blitz September 27 Early 2022"]
[White "Zhigalko, Sergei"]
[Black "Martin Carmona, Gaston Manuel"]
[WhiteFideId "13502956"]
[BlackFideId "22284567"]
[WhiteElo "2662"]
[BlackElo "2162"]
[Result "1-0"]
[Round "03"]
[TimeControl "180+1"]
[Date "2022.09.27"]
[WhiteClock "0:00:04"]
[BlackClock "0:00:01"]

1. e4 c5 2. c3 Nf6 3. e5 Nd5 4. Nf3 Nc6 5. Bc4 Nb6 6. Bb3 c4 7. Bc2 d5 8. exd6 Qxd6 9. O-O Bg4 10. Re1 e6 11. b3 cxb3 12. axb3 Be7 13. Na3 O-O 14. Nc4 Nxc4 15. bxc4 Qd7 16. d4 b6 17. Be4 Rac8 18. Qd3 Bxf3 19. Qxf3 Na5 20. c5 Nb3 21. c6 Qc7 22. Bf4 Bd6 23. Bxd6 Qxd6 24. Rxa7 Nd2 25. Bxh7+ Kxh7 26. Qd3+ Kg8 27. Qxd2 Qxc6 28. Re3 b5 29. Rg3 Qe4 30. h3 g6 31. Rg4 Qf5 32. Kh2 Ra8 33. Rxa8 Rxa8 34. Rg5 Qf6 35. Rxb5 Rc8 36. Re5 Kg7 37. Re3 Qe7 38. Qe2 Qd6+ 39. g3 Rb8 40. Qf3 Rb2 41. Re2 Rb3 42. Kg2 Qc7 43. Re3 Qc4 44. h4 Rb1 45. Qe2 Qc6+ 46. Qf3 Qc4 47. Qe2 Qc6+ 48. Rf3 Rc1 49. Qe5+ Kg8 50. Qf4 Qd7 51. Qxc1 1-0


[Site "https://www.chess.com"]

[Event "Titled Tuesday Blitz September 27 Early 2022"]
[White "Zilleruelo Irizarry, Diego"]
[Black "Papp, Levente"]
[WhiteFideId "3101460"]
[BlackFideId "751243"]
[WhiteElo "1998"]
[BlackElo "2341"]
[Result "0-1"]
[Round "03"]
[TimeControl "180+1"]
[Date "2022.09.27"]
[WhiteClock "0:00:17"]
[BlackClock "0:00:09"]

1. e4 e6 2. d4 d5 3. Nd2 Nf6 4. e5 Nfd7 5. Bd3 c5 6. c3 Nc6 7. Ne2 cxd4 8. cxd4 f6 9. exf6 Nxf6 10. Nf3 Bd6 11. Bf4 O-O 12. Bxd6 Qxd6 13. O-O e5 14. dxe5 Nxe5 15. Nxe5 Qxe5 16. Nc3 Ng4 17. g3 Qh5 18. h4 d4 19. Ne4 Bf5 20. Ng5 h6 21. Bxf5 Rxf5 22. Ne6 Re8 23. Nxd4 Rd5 24. Qb3 Kh8 25. Nf3 Rf8 26. Rad1 Rdf5 27. Nd4 Rxf2 28. Ne6 Rxf1+ 29. Rxf1 Rxf1+ 30. Kxf1 Qf5+ 31. Kg2 Qe4+ 32. Kg1 Qe1+ 33. Kg2 Qf2+ 34. Kh3 h5 35. Qc2 Qxc2 0-1


[Site "https://www.chess.com"]

[Event "Titled Tuesday Blitz September 27 Early 2022"]
[White "Aakanksha Hagawane"]
[Black "Korchmar, Vasiliy"]
[WhiteFideId "25014510"]
[BlackFideId "24131750"]
[WhiteElo "1971"]
[BlackElo "2370"]
[Result "1-0"]
[Round "04"]
[TimeControl "180+1"]
[Date "2022.09.27"]
[WhiteClock "0:00:20"]
[BlackClock "0:00:13"]

1. e4 c5 2. Nf3 d6 3. Bb5+ Nd7 4. O-O a6 5. Bd3 Ngf6 6. Re1 e6 7. c3 b5 8. Bc2 Bb7 9. d4 Be7 10. Nbd2 O-O 11. Nf1 Qc7 12. Bd2 Rfc8 13. Rc1 a5 14. Ng3 b4 15. Qe2 cxd4 16. cxd4 Qd8 17. e5 Nd5 18. Qe4 Nf8 19. Qg4 a4 20. Bg5 a3 21. bxa3 bxa3 22. Nh5 Ng6 23. h4 Rc3 24. Be4 Rac8 25. Rxc3 Rxc3 26. Ng3 dxe5 27. h5 Nf8 28. dxe5 Bxg5 29. Nxg5 h6 30. Nf3 Qc7 31. Kh2 Rc1 32. Bd3 Rxe1 33. Nxe1 Qxe5 34. Nf3 Qf4 35. Qxf4 Nxf4 36. Bb1 Bxf3 37. gxf3 Nd7 38. Ne4 Nb6 39. Nd6 Nbd5 40. Nb5 Nxh5 41. Nxa3 Nc3 42. Bd3 Nxa2 43. Nb5 Nb4 44. Bb1 Nf4 45. Kg3 g5 46. Nd4 Nbd5 47. Be4 Kg7 48. Bb1 Nc3 49. Bc2 Nce2+ 50. Nxe2 Nxe2+ 51. Kg4 Nd4 52. Bd3 Nc6 53. Kg3 e5 54. Be4 Ne7 55. Bb1 f5 56. Bc2 Kf6 57. Bd3 Nd5 58. Bb1 Nf4 59. Bc2 h5 60. Bb1 h4+ 61. Kh2 Ne2 62. Bd3 Nd4 63. Kg2 Ne6 64. Kh2 g4 65. fxg4 fxg4 66. Be4 Kg5 67. Bd5 Nd4 68. Bb7 Kf4 69. Bd5 Nf3+ 70. Kg2 h3+ 71. Kh1 Ng5 72. Bb7 e4 73. Bc8 Nf3 74. Bxg4 h2 75. Bc8 Ke5 76. Bb7 Kd4 77. Ba8 Kd3 78. Bb7 Kd4 79. Bc6 Ke5 80. Bb7 Kf4 81. Bc6 Nd4 82. Bxe4 Kxe4 83. Kxh2 Kf3 84. Kh3 Ke2 85. f4 Ne6 86. f5 Nf8 87. f6 Nd7 88. Kg4 Nf8 89. Kf5 Nd7 90. Ke6 Nf8+ 91. Ke7 Nh7 92. f7 Kf3 93. Ke6 Nf8+ 94. Kf6 Nd7+ 95. Ke7 Ne5 96. f8=Q+ 1-0


[Site "https://www.chess.com"]

[Event "Titled Tuesday Blitz September 27 Early 2022"]
[White "Abdisalimov, Abdimalik"]
[Black "Bykov, Egor"]
[WhiteFideId "14206323"]
[BlackFideId "34115290"]
[WhiteElo "2401"]
[BlackElo "2192"]
[Result "1-0"]
[Round "04"]
[TimeControl "180+1"]
[Date "2022.09.27"]
[WhiteClock "0:00:02"]
[BlackClock "0:00:02"]

1. d4 Nf6 2. c4 e6 3. Nc3 Bb4 4. e3 O-O 5. Bd3 c5 6. Ne2 cxd4 7. exd4 d5 8. cxd5 Nxd5 9. O-O Nc6 10. Bc2 b6 11. Qd3 g6 12. Bh6 Re8 13. Rac1 Bb7 14. Rfd1 Qh4 15. Nxd5 exd5 16. Be3 Bd6 17. g3 Qg4 18. Qd2 Na5 19. b3 Ba3 20. Rb1 h5 21. Nf4 Bd6 22. Re1 h4 23. h3 Qd7 24. g4 Rac8 25. Bd3 Bb8 26. Ng2 Qd6 27. Bf4 Qf6 28. Bb5 Rxe1+ 29. Rxe1 a6 30. Bxb8 Rxb8 31. g5 Qf5 32. Bf1 Qxh3 33. Qf4 Rc8 34. Nxh4 Qd7 35. Nf3 Nc6 36. Qg3 Re8 37. Rc1 Re4 38. Bh3 Qe7 39. Bg2 a5 40. Ne5 Nxd4 41. Nxg6 Ne2+ 42. Kh2 fxg6 43. Qb8+ Kg7 44. Rc7 1-0


[Site "https://www.chess.com"]

[Event "Titled Tuesday Blitz September 27 Early 2022"]
[White "Abdrlauf, Elham"]
[Black "Prraneeth Vuppala"]
[WhiteFideId "1533533"]
[BlackFideId "46622373"]
[WhiteElo "2409"]
[BlackElo "2073"]
[Result "1-0"]
[Round "04"]
[TimeControl "180+1"]
[Date "2022.09.27"]
[WhiteClock "0:01:12"]
[BlackClock "0:01:06"]

1. e4 c5 2. Nf3 d6 3. d4 cxd4 4. Nxd4 Nf6 5. Nc3 a6 6. Bc4 e6 7. Bb3 b5 8. f4 Bb7 9. e5 dxe5 10. fxe5 Bc5 11. Nxe6 Qxd1+ 12. Kxd1 fxe6 13. exf6 gxf6 14. Re1 e5 15. Bd5 Nc6 16. Be3 Bxe3 17. Rxe3 O-O-O 18. Ke1 Nd4 19. Bxb7+ Kxb7 20. Rc1 Rhe8 21. Ne2 Ne6 22. Rd1 Rxd1+ 23. Kxd1 Rg8 24. g3 Kc6 25. Rf3 Rf8 26. Kd2 f5 27. Re3 e4 28. Rc3+ Kd6 29. Ke3 Nc7 30. Nf4 a5 31. Rxc7 1-0


[Site "https://www.chess.com"]

[Event "Titled Tuesday Blitz September 27 Early 2022"]
[White "Ahmadzada, Ahmad"]
[Black "Malyi, Viacheslav"]
[WhiteFideId "13413007"]
[BlackFideId "14123983"]
[WhiteElo "2185"]
[BlackElo "2190"]
[Result "0-1"]
[Round "04"]
[TimeControl "180+1"]
[Date "2022.09.27"]
[WhiteClock "0:00:03"]
[BlackClock "0:00:29"]

1. Nf3 Nf6 2. g3 e6 3. Bg2 d5 4. O-O Be7 5. c4 O-O 6. b3 c5 7. Bb2 d4 8. e3 Nc6 9. exd4 cxd4 10. Re1 Bc5 11. d3 Re8 12. a3 a5 13. Bc1 e5 14. Bg5 h6 15. Bxf6 Qxf6 16. Nbd2 Bf5 17. Ne4 Bxe4 18. Rxe4 Qd6 19. Nh4 g6 20. Qc1 Kh7 21. Ra2 f5 22. Re1 Re7 23. Bd5 Rae8 24. f3 Qf6 25. Ng2 Qg5 26. Qxg5 hxg5 27. Ree2 Kg7 28. Ne1 Kf6 29. Nc2 e4 30. fxe4 fxe4 31. Ne1 e3 32. Nc2 Ne5 33. b4 Ba7 34. Ne1 g4 35. bxa5 Bc5 36. Rab2 Ra8 37. Rb5 Rc7 38. Kg2 Bxa3 39. Nc2 Bc5 40. Bxb7 Rh8 41. Be4 Rch7 42. Kg1 Nf3+ 43. Kf1 Rxh2 44. Rxh2 Rxh2 45. Bxf3 gxf3 46. Kg1 Rxc2 47. Rxc5 0-1


[Site "https://www.chess.com"]

[Event "Titled Tuesday Blitz September 27 Early 2022"]
[White "Ahn, Hongjin"]
[Black "Halkias, Stelios"]
[WhiteFideId "13201492"]
[BlackFideId "4201809"]
[WhiteElo "1873"]
[BlackElo "2453"]
[Result "1-0"]
[Round "04"]
[TimeControl "180+1"]
[Date "2022.09.27"]
[WhiteClock "0:00:03"]
[BlackClock "0:00:01"]

1. c4 Nf6 2. Nc3 g6 3. d4 Bg7 4. e4 d6 5. h3 Nbd7 6. Be3 e5 7. d5 Nc5 8. f3 Nh5 9. Nge2 O-O 10. Qd2 f5 11. exf5 gxf5 12. g4 Nf4 13. Bxf4 exf4 14. O-O-O fxg4 15. hxg4 Qf6 16. Kb1 Bd7 17. Ka1 Rae8 18. Qc2 Qg6 19. Qd2 Na4 20. Nxa4 Bxa4 21. Rc1 Bd7 22. Nc3 Re3 23. Ne4 Rxf3 24. Bd3 h6 25. Nc5 Rxd3 26. Nxd3 f3 27. Qe3 Bxg4 28. Rcf1 h5 29. Nf2 Qf6 30. Rb1 Qd4 31. Qe1 Rf7 32. Nxg4 hxg4 33. Qe8+ Rf8 34. Qe6+ Rf7 35. Qe8+ Bf8 36. Qe6 Qg7 37. Rhg1 g3 38. Rbf1 g2 39. Rf2 Qd4 40. Qg6+ Rg7 41. Qe6+ Rf7 42. Qg6+ Bg7 43. Qg3 Re7 44. Qxf3 Re3 45. Qf5 Re2 46. Qf7+ Kh7 47. Qh5+ 1-0


[Site "https://www.chess.com"]

[Event "Titled Tuesday Blitz September 27 Early 2022"]
[White "Aizpurua, Patrick Emilio"]
[Black "Samunenkov, Ihor"]
[WhiteFideId "6600522"]
[BlackFideId "14187086"]
[WhiteElo "2378"]
[BlackElo "2441"]
[Result "1-0"]
[Round "04"]
[TimeControl "180+1"]
[Date "2022.09.27"]
[WhiteClock "0:00:09"]
[BlackClock "0:00:03"]

1. d4 Nf6 2. Nf3 d5 3. c4 e6 4. g3 Be7 5. Bg2 O-O 6. O-O c6 7. Qc2 b6 8. b3 Bb7 9. Rd1 Nbd7 10. Nc3 Ba6 11. e4 dxc4 12. h3 Qc8 13. g4 h6 14. g5 hxg5 15. Bxg5 Re8 16. e5 Nd5 17. Ne4 c3 18. Bxe7 Rxe7 19. Nxc3 Nf4 20. Qe4 Nxg2 21. Kxg2 c5 22. d5 Bb7 23. Qh4 Re8 24. Ne4 Bxd5 25. Nd6 Qc6 26. Rxd5 Qxd5 27. Nxe8 Nxe5 28. Nf6+ gxf6 29. Qxf6 Nxf3 30. Qxf3 Rd8 31. Re1 Kf8 32. Re4 Ke7 33. h4 Rg8+ 34. Kh2 f5 35. Re3 Qd6+ 36. Kh1 Rg4 37. h5 Rh4+ 38. Kg1 Qh2+ 39. Kf1 Qh3+ 40. Qxh3 Rxh3 41. Rxh3 1-0


[Site "https://www.chess.com"]

[Event "Titled Tuesday Blitz September 27 Early 2022"]
[White "Al Hosani, Omran"]
[Black "Melaugh, Shane"]
[WhiteFideId "9308733"]
[BlackFideId "2509580"]
[WhiteElo "2167"]
[BlackElo "1946"]
[Result "1-0"]
[Round "04"]
[TimeControl "180+1"]
[Date "2022.09.27"]
[WhiteClock "0:00:50"]
[BlackClock "0:00:02"]

1. d4 e6 2. c4 f5 3. Nc3 Nf6 4. Bg5 Bb4 5. e3 O-O 6. Ne2 b6 7. a3 Bxc3+ 8. Nxc3 Bb7 9. Qc2 h6 10. Bxf6 Qxf6 11. O-O-O d5 12. cxd5 exd5 13. Bd3 c5 14. dxc5 bxc5 15. Qb3 Qf7 16. Bxf5 c4 17. Qb5 Bc6 18. Qc5 Qxf5 19. Nxd5 Bxd5 20. Rxd5 Qxf2 21. Rhd1 Na6 22. Qxc4 Qxe3+ 23. Kb1 Kh8 24. Qxa6 Rab8 25. R5d2 Rf6 26. Rd8+ Rxd8 27. Rxd8+ Kh7 28. Qd3+ Qxd3+ 29. Rxd3 Rf2 30. Rd7 Rxg2 31. Rxa7 Rxh2 32. b4 Rh3 33. Kc2 Rh2+ 34. Kb3 h5 35. b5 h4 36. b6 Rh1 37. Kb2 Rh2+ 38. Kc1 Rh1+ 39. Kc2 Rh2+ 40. Kc3 Rh3+ 41. Kc4 Rh1 42. Ra4 Rb1 43. Kc5 g5 44. Rb4 Rc1+ 45. Kd6 1-0


[Site "https://www.chess.com"]

[Event "Titled Tuesday Blitz September 27 Early 2022"]
[White "Amgalantengis, Enkh-Amgalan"]
[Black "Al-Tarboush, Ward"]
[WhiteFideId "4903536"]
[BlackFideId "7601450"]
[WhiteElo "1719"]
[BlackElo "2234"]
[Result "0-1"]
[Round "04"]
[TimeControl "180+1"]
[Date "2022.09.27"]
[WhiteClock "0:00:03"]
[BlackClock "0:00:15"]

1. d4 d5 2. c4 c6 3. Nf3 Nf6 4. e3 e6 5. Nbd2 c5 6. cxd5 exd5 7. b3 Nc6 8. Bb2 b6 9. Bb5 Bd7 10. O-O Be7 11. Rc1 Ne4 12. Nxe4 dxe4 13. Nd2 a6 14. Bc4 cxd4 15. Nxe4 f5 16. Ng3 Bf6 17. exd4 Ne7 18. Nh5 Bg5 19. Nxg7+ Kf8 20. Qh5 Ng6 21. d5 Bxc1 22. Rxc1 Qh4 23. Qf3 Qe4 24. Qc3 Qe5 25. Qxe5 Nxe5 26. Bxe5 b5 27. Bd3 Rc8 28. Rxc8+ Bxc8 29. Nxf5 Rg8 30. d6 Be6 31. d7 Bxd7 32. Bd6+ Ke8 33. Be4 Rg6 34. Be5 Re6 35. f4 Kd8 36. Ng7 Rh6 37. Nf5 Re6 38. Nd4 Rb6 39. Bf5 Bxf5 40. Nxf5 Kd7 41. Nd4 Rg6 42. Kf2 Rh6 43. h3 b4 44. Kg3 a5 45. Kf3 Ra6 46. g4 a4 47. g5 a3 48. f5 Ra5 49. Ke4 Rc5 50. f6 Rc1 51. f7 Ke7 52. Nf5+ Kxf7 53. Nd6+ Ke6 54. Nc4 Rc2 55. Bd6 Rxa2 56. Bxb4 Re2+ 57. Kd3 a2 58. Bc3 Rh2 59. Ne3 Rxh3 60. Ke4 Rh1 61. Nc2 Rc1 62. Kd3 Rd1+ 63. Ke2 Rg1 64. Kd2 Rxg5 65. Kc1 Rg2 66. Kb2 h5 67. b4 h4 68. Kb3 h3 69. Ne3 h2 70. Nxg2 h1=Q 71. Ne3 Qb1+ 72. Kc4 a1=Q 73. Bxa1 Qxa1 74. Nc2 Qa2+ 75. Kd3 Qb3+ 76. Kd2 Kd5 77. Ne3+ Ke4 78. Nc2 Qd3+ 79. Kc1 Qc3 80. Kb1 Kd3 81. Ne3 Kxe3 82. Ka2 Qxb4 83. Ka1 Kd2 84. Ka2 Kc2 85. Ka1 Qb2# 0-1


[Site "https://www.chess.com"]

[Event "Titled Tuesday Blitz September 27 Early 2022"]
[White "Andreikin, Dmitry"]
[Black "Reyes, Narquingden"]
[WhiteFideId "4158814"]
[BlackFideId "5217334"]
[WhiteElo "2736"]
[BlackElo "2313"]
[Result "1-0"]
[Round "04"]
[TimeControl "180+1"]
[Date "2022.09.27"]
[WhiteClock "0:01:28"]
[BlackClock "0:00:21"]

1. d4 d5 2. c4 c6 3. Nf3 Nf6 4. Nc3 a6 5. Qc2 g6 6. cxd5 cxd5 7. Bf4 Nc6 8. h3 Bg7 9. e3 O-O 10. Be2 Bf5 11. Qb3 Na5 12. Qb4 Rc8 13. O-O b5 14. Ne5 Nd7 15. Nxd5 Nxe5 16. Nxe7+ Kh8 17. dxe5 Nc6 18. Nxc6 Rxc6 19. Rac1 Re6 20. Rfd1 Qe7 21. Qd4 g5 22. Bh2 f6 23. Qc5 fxe5 24. Qxe7 Rxe7 25. b4 h6 26. Rc6 Rf6 27. Rxf6 Bxf6 28. g4 Be6 29. Rd6 Kg7 30. Rxa6 Bd5 31. Rd6 Bxa2 32. Bxb5 Kf7 33. Bc6 Re6 34. Bd5 Bxd5 35. Rxd5 Rb6 36. b5 Ke6 37. e4 Rb7 38. Kg2 Rc7 39. b6 Rb7 40. Rb5 Kd6 41. Kf3 Kc6 42. Rd5 Rxb6 43. Bxe5 Rb3+ 44. Kg2 Be7 45. Bg7 Bc5 46. Bxh6 Rb2 47. Rf5 Re2 48. Bxg5 Rxe4 49. Be3 Bxe3 50. fxe3 Rxe3 51. h4 Kd6 52. h5 Re6 53. Kg3 Ke7 54. Kf4 Ra6 55. Kg5 Ra1 56. h6 Rh1 57. Kg6 Rh4 58. g5 1-0


[Site "https://www.chess.com"]

[Event "Titled Tuesday Blitz September 27 Early 2022"]
[White "Ansh M Shah"]
[Black "Dilmukhametov, Artur"]
[WhiteFideId "25033379"]
[BlackFideId "24179922"]
[WhiteElo "1819"]
[BlackElo "2206"]
[Result "1-0"]
[Round "04"]
[TimeControl "180+1"]
[Date "2022.09.27"]
[WhiteClock "0:00:05"]
[BlackClock "0:00:14"]

1. d4 Nf6 2. c4 g6 3. h4 h5 4. Nc3 Bg7 5. Nf3 O-O 6. e4 d6 7. Be2 Nbd7 8. Ng5 e5 9. d5 Ne8 10. Be3 b6 11. Qd2 Nc5 12. O-O-O f6 13. Nh3 Bxh3 14. Rxh3 a5 15. g4 hxg4 16. Bxg4 a4 17. Bxc5 bxc5 18. Be6+ Kh7 19. Rg1 Bh6 20. Re3 Bxe3 21. Qxe3 Qe7 22. f4 Ng7 23. Qg3 Nxe6 24. Qxg6+ Kh8 25. dxe6 Rg8 26. Qh6+ Qh7 27. Qxf6+ Rg7 28. Nd5 Rg8 29. Ne7 Qxe4 30. Qh6+ Qh7 31. Qf6 Qh5 32. Ng6+ Kh7 33. Nf8+ Kh8 34. e7 Qf7 35. Rg5 Qxf6 36. Rh5+ Rh7 37. Rxh7# 1-0


[Site "https://www.chess.com"]

[Event "Titled Tuesday Blitz September 27 Early 2022"]
[White "Antonio, Jorge Carlos"]
[Black "Omariev, Maksim"]
[WhiteFideId "113190"]
[BlackFideId "4193423"]
[WhiteElo "2247"]
[BlackElo "2408"]
[Result "1-0"]
[Round "04"]
[TimeControl "180+1"]
[Date "2022.09.27"]
[WhiteClock "0:00:37"]
[BlackClock "0:00:02"]

1. e4 c5 2. f4 d5 3. e5 Nc6 4. Nf3 Bf5 5. Bb5 Rc8 6. O-O e6 7. d3 Be7 8. a4 a6 9. Bxc6+ Rxc6 10. h3 h5 11. a5 Nh6 12. Be3 Bg6 13. Bf2 h4 14. Nbd2 Nf5 15. Kh2 b5 16. axb6 Qxb6 17. b3 Qb4 18. Ra4 Qc3 19. Ng1 O-O 20. Ne2 Qb2 21. Qb1 Qxb1 22. Rxb1 Bh5 23. g4 hxg3+ 24. Nxg3 Nxg3 25. Kxg3 Rb8 26. Rba1 Rbb6 27. Nf3 Bxf3 28. Kxf3 g6 29. h4 Kh7 30. h5 gxh5 31. Rh1 Kg6 32. Raa1 Rb8 33. Rag1+ Kh6 34. Be3 d4 35. Bd2 f5 36. exf6 Bxf6 37. f5+ Bg5 38. Rxg5 h4 39. Rxh4# 1-0


[Site "https://www.chess.com"]